 Dungeon Crawl Stone Soup version 0.28-a0-1074-g3cb2360906 (webtiles) character file.

Game seed: 358664900953458703

438 Anathary the Insei (level 7, -4/43 HPs)
             Began as an Octopode Transmuter on Dec 9, 2021.
             Was a Believer of Lugonu.
             Slain by Duvessa (5 damage)
             ... on level 4 of the Dungeon.
             The game lasted 00:11:19 (4597 turns).

Anathary the Insei (Octopode Transmuter)            Turns: 4597, Time: 00:11:20

Health: -4/43      AC:  1    Str:  9    XL:     7   Next: 1%
Magic:  10/10      EV: 13    Int: 16    God:    Lugonu [**....]
Gold:   134        SH:  0    Dex: 14    Spells: 9/10 levels left

rFire   . . .      SeeInvis .     - Unarmed
rCold   + . .      Faith    .   (no shield)
rNeg    . . .      Spirit   .   (helmet restricted)
rPois   .          Reflect  .   a - amulet of the acrobat
rElec   .          Harm     .   g - +4 ring of slaying
rCorr   .          Rampage  .   k - ring of protection from cold
Will    .....                   (no ring)
Stlth   ++........              (no ring)
HPRegen 0.14/turn               (no ring)
MPRegen 0.12/turn               (no ring)
                                (no ring)
                                (no ring)

@: lit by a corona, glowing
A: almost no armour, amphibious, 8 rings, camouflage 1, gelatinous body 1,
(nimble swimmer 1), tentacles
a: Renounce Religion, Depart the Abyss, Bend Space


You were on level 4 of the Dungeon.
You worshipped Lugonu.
Lugonu was pleased with you.
You visited 1 branch of the dungeon, and saw 4 of its levels.

You collected 134 gold pieces.

Inventory:

Jewellery
 a - an amulet of the acrobat (around mantle)
 c - the ring "Zuhypnuzo" {rPois MP+9 Str+6 Int-3}
   (You found it on level 4 of the Dungeon)

   [ring of strength]

   Str:       It affects your strength (+6).
   Int:       It affects your intelligence (-3).
   rPois:     It protects you from poison.
   MP:        It affects your magic capacity (+9).
 g - a +4 ring of slaying (left tentacle)
 k - a ring of protection from cold (right tentacle)
Scrolls
 b - a scroll of teleportation {unknown}
 e - a scroll of noise {unknown}
 h - a scroll of enchant weapon {unknown}
 i - 2 scrolls of fog {unknown}
 l - a scroll of magic mapping {unknown}
 m - a scroll of blinking {unknown}
Potions
 d - 2 potions of curing
 f - 2 potions of attraction
 j - 3 potions of berserk rage {unknown}


   Skills:
 + Level 1.2 Fighting
 + Level 2.4 Dodging
 + Level 4.4 Stealth
 * Level 6.6 Unarmed Combat
 + Level 2.0 Spellcasting
 + Level 2.1 Transmutations


You had 9 spell levels left.
You knew the following spells:

 Your Spells              Type           Power      Damage    Failure   Level
a - Beastly Appendage     Tmut           16%        N/A       9%          1

Your spell library contained the following spells:

 Spells                   Type           Power      Damage    Failure   Level
 Wereblood                Tmut           8%         N/A       13%         2
 Spider Form              Tmut/Pois      5%         N/A       36%         3
 Ice Form                 Ice/Tmut       5%         N/A       78%         4


Dungeon Overview and Level Annotations

Branches:
Dungeon (4/15)
 Temple: D:4-7

Altars:
Fedhas
Makhleb
Sif Muna
Vehumet
Xom
Yredelemnul
Zin
Lugonu

Annotations:
D:4 Dowan, Duvessa


Innate Abilities, Weirdness & Mutations

You cannot wear most types of armour.
You are amphibious.
You can wear up to eight rings at the same time.
Your skin changes colour to match your surroundings (Stealth+).
Your rubbery body absorbs attacks. (AC +1, EV +1)
((You are camouflaged near water. (Stealth+)))
You have tentacles for arms and can constrict up to eight enemies at once.


Message History

Things that are here:
a +0 dagger; a +0 leather armour Dowan points at Duvessa and mumbles some strange words.
Duvessa seems to speed up.
Things that are here:
a +1 dagger of speed; a +0 robe; an orc corpse Duvessa hits you with a +0 short sword!
You closely miss Duvessa. You grab Duvessa. You constrict Duvessa.
Duvessa hits you with a +0 short sword.
You tentacle-slap Duvessa but do no damage.
Duvessa is lightly wounded.
You constrict Duvessa, but do no damage.
Duvessa hits you with a +0 short sword. Dowan barely misses you.
You bludgeon Duvessa!
Duvessa is moderately wounded.
You constrict Duvessa, but do no damage.
Duvessa closely misses you. Dowan hits you with a +0 dagger.
Duvessa hits you with a +0 short sword.
You tentacle-slap Duvessa but do no damage.
You squeeze Duvessa.
Duvessa is moderately wounded.
You are no longer glowing.
You constrict Duvessa. Dowan gestures at you while chanting.
You are outlined in light.
Duvessa hits you with a +0 short sword!
* * * LOW HITPOINT WARNING * * *
You tentacle-slap Duvessa.
Duvessa is heavily wounded.
You constrict Duvessa. Duvessa closely misses you. Dowan closely misses you.
You tentacle-slap Duvessa.
Duvessa is heavily wounded.
You constrict Duvessa.
Duvessa says, "Practise, practise, practise!
One day you'll be as good as me." Duvessa closely misses you.
Dowan hits you with a +0 dagger.
* * * LOW HITPOINT WARNING * * *
Duvessa closely misses you.
You bludgeon Duvessa!
Duvessa is almost dead.
You constrict Duvessa. Duvessa hits you with a +0 short sword.
You die...

#.# ##.##.(.....#
#)# ##
#........>..####
#)#
#.######........!
#.# #.# ##.##..##
#). ... #.##..#
#.# #.# ###.##..#
#.# #. #...# .##.
#.# #
.######.#.##.....
..#
......e@...:.....
#)#
≈§≈§≈≈e≈≈.###.#..
#.#
≈.......≈.....#
..
#.≈.≈≈≈≈≈.≈)###.#
#.≈.≈...≈.≈.#
#.≈.≈._.≈.≈.#
#.≈.≈...≈.≈.#
#.≈..≈≈≈≈.≈.#
##.≈......§§.#


You could see Duvessa (fast) and Dowan.

Vanquished Creatures
  A necrophage (D:3)
  2 howler monkeys (D:4)
  A hound (D:4)
  An iguana (D:4)
  3 orc wizards
  5 adders
  An adder skeleton (D:4)
  A worm (D:4)
  3 dart slugs
  17 orcs
  8 bats
  6 endoplasms
  3 giant cockroaches
  5 goblins
  5 hobgoblins
  2 quokkas
  5 ball pythons
  4 frilled lizards
  3 kobolds (D:2)
  4 rats
80 creatures vanquished.

Notes
Turn   | Place    | Note
-------+----------+-------------------------------------------
     0 | D:1      | Anathary the Octopode Transmuter began the quest for the
                  | Orb.
     0 | D:1      | Reached XP level 1. HP: 13/13 MP: 3/3
   373 | D:1      | Reached XP level 2. HP: 18/18 MP: 5/5
   844 | D:1      | Found Midikhut's Weapon Shop.
  1539 | D:2      | Reached skill level 4 in Unarmed Combat
  1539 | D:2      | Reached XP level 3. HP: 9/23 MP: 6/6
  2286 | D:2      | Reached skill level 1 in Stealth
  2542 | D:2      | Reached XP level 4. HP: 28/28 MP: 7/7
  2760 | D:3      | Noticed a necrophage
  2805 | D:4      | Found a burning altar of Makhleb.
  2807 | D:4      | Found a basalt altar of Yredelemnul.
  2886 | D:4      | Reached skill level 5 in Unarmed Combat
  2891 | D:4      | Reached XP level 5. HP: 21/33 MP: 8/8
  3228 | D:3      | Found a shimmering blue altar of Sif Muna.
  3236 | D:3      | Found a blossoming altar of Fedhas.
  3304 | D:3      | Killed a necrophage
  3305 | D:3      | Reached XP level 6. HP: 30/38 MP: 9/9
  3307 | D:3      | Reached skill level 6 in Unarmed Combat
  3822 | D:3      | Found a shimmering blue altar of Sif Muna.
  3824 | D:3      | Found a glowing golden altar of the Shining One.
  3824 | D:3      | Found a shimmering altar of Xom.
  3826 | D:3      | Found a sparkling altar of Nemelex Xobeh.
  3826 | D:3      | Found a burning altar of Makhleb.
  3826 | D:3      | Found a snail-covered altar of Cheibriados.
  4008 | D:3      | Found a faded altar of an unknown god.
  4011 | D:3      | Prayed at the altar of an unknown god.
  4011 | D:3      | Became a worshipper of Lugonu the Unformed
  4011 | D:3      | Reached * piety under Lugonu
  4011 | D:3      | Reached ** piety under Lugonu
  4289 | D:4      | Identified the ring "Zuhypnuzo" {rPois MP+9 Str+6 Int-3}
  4461 | D:4      | Found a glowing silver altar of Zin.
  4549 | D:4      | Found a radiant altar of Vehumet.
  4550 | D:4      | Noticed Duvessa
  4557 | D:4      | Reached XP level 7. HP: 43/43 MP: 10/10
  4561 | D:4      | Noticed Dowan
  4596 | D:4      | HP: 1/43 [Dowan (4)]
  4597 | D:4      | Slain by Duvessa

Illustrated notes

Levels and vault maps discovered:
D:1:      saegor_arrival_simple_d, layout_basic, serial_shops,
          nicolae_shop_crystal
D:2:      layout_loops_corners
D:3:      layout_basic, doesnt_xom_only_xom, grunt_temple_overflow_open,
          shapermc_ecumenical_altar_hornbeckon, minmay_shallow_snake_nest
D:4:      layout_loops_ring, mainiacjoe_overflow_concentric_impassable,
          nicolae_overflow_hidden_temple, amcnicky_altar_gilded, chequers_jeans,
          uniq_duvessa

Skill      XL: |  1  2  3  4  5  6 |
---------------+-------------------+-----
Unarmed Combat | 4 5 6 |  6.6
Stealth        | 1 2 3 4 |  4.4
Fighting       | |  1.2
Dodging        | |  2.4
Spellcasting   | |  2.0
Transmutations | |  2.1

Action                   |  1- 3 |  4- 6 |  7- 9 || total
-------------------------+-------+-------+-------++-------
Melee: Unarmed           |    75 |    92 |    10 ||   177
       Constrict         |    19 |    25 |     2 ||    46
       Tentacles         |    13 |    23 |     1 ||    37
       Kick              |     1 |       |       ||     1
       Punch             |     1 |     3 |       ||     4
 Cast: Beastly Appendage |     2 |       |       ||     2
  Use: Scroll            |       |     2 |       ||     2
 Stab: Sleeping          |    11 |     1 |       ||    12
       Distracted        |       |     1 |       ||     1
Armor: Skin              |    11 |     2 |       ||    13
Dodge: Dodged            |    65 |    48 |     9 ||   122

Table legend: (Time is in decaauts)
 A = Elapsed time spent in this place.
 B = Non-inter-level travel time spent in this place.
 C = Inter-level travel time spent in this place.
 D = Time resting spent in this place.
 E = Time spent auto-exploring this place.
 F = Levels seen in this place.
 G = Mean time per level.
                   A        B        C        D        E       F      G
               +--------+--------+--------+--------+--------+-----+--------+
         Total |   4582 |   3933 |    649 |   1154 |   1320 |   4 | 1145.5 |
       Dungeon |   4582 |   3933 |    649 |   1154 |   1320 |   4 | 1145.5 |
               +--------+--------+--------+--------+--------+-----+--------+

Top non-repeatable levels by time:
     D:1: 1481 daAuts
     D:2: 1253 daAuts
     D:3: 1140 daAuts
     D:4: 708 daAuts
